| TOP OF THE 1ST |
|
Quad Cities River Bandits batting - Pitching for West Michigan Whitecaps : RHP Rich Nunez
|
|
Pitching: RHP Rich Nunez
|
|
|
Batting: RHB Sean Mounts
|
0-0: Ball 1-0: Called Strike 1-1: Ground out 4-3 (Groundball, 4, EV 96.9 MPH)
|
|
Batting: LHB Glenn Lowther
|
0-0: Called Strike 0-1: Ball 1-1: Ball 2-1: Fly out, F8 (Flyball, 78M, EV 82.5 MPH)
|
|
Batting: LHB Aldo Kok
|
0-0: Ground out U3 (Groundball, 13, EV 82.5 MPH)
|
| Top of the 1st over - 0 runs, 0 hits, 0 errors, 0 left on base; Quad Cities 0 - West Michigan 0 |
| BOTTOM OF THE 1ST |
|
West Michigan Whitecaps batting - Pitching for Quad Cities River Bandits : RHP Omar Pineda
|
|
Pitching: RHP Omar Pineda
|
|
|
Batting: SHB Willie Medina
|
0-0: Ball 1-0: Ball 2-0: Ball 3-0: Swinging Strike 3-1: Base on Balls
|
|
Batting: RHB Scott Carr
|
0-0: Called Strike Willie Medina steals 2nd base 0-1: Ball 1-1: Ball 2-1: Called Strike 2-2: Foul Ball, location: 2F 2-2: Ball 3-2: Base on Balls
|
|
Batting: LHB Dave Carlisle
|
0-0: Ball 1-0: Fielders Choice at 2nd, 3-6 (Groundball, 3, EV 86.2 MPH) Willie Medina to third
|
|
Batting: RHB German Quiroga
|
0-0: Ball 1-0: Ball 2-0: Swinging Strike 2-1: Called Strike 2-2: Grounds into double play, 4-6-3 (Groundball, 34, EV 79.4 MPH)
|
| Bottom of the 1st over - 0 runs, 0 hits, 0 errors, 1 left on base; Quad Cities 0 - West Michigan 0 |
| TOP OF THE 2ND |
|
Quad Cities River Bandits batting - Pitching for West Michigan Whitecaps : RHP Rich Nunez
|
|
Batting: LHB Wade Girard
|
0-0: Hit by Pitch
|
|
Batting: RHB Alex Campos
|
0-0: Ball 1-0: Called Strike 1-1: Swinging Strike 1-2: Ball 2-2: DOUBLE (Line Drive, 89M, EV 110.0 MPH) Wade Girard to third
|
|
Batting: RHB Tim Persson
|
0-0: Foul Ball, location: 2F 0-1: Ball 1-1: Called Strike 1-2: Ball 2-2: SINGLE (Groundball, 6D, EV 98.1 MPH) Wade Girard scores Alex Campos to third
|
|
Batting: RHB Joel Vazquez
|
0-0: Ball 1-0: Foul Ball, location: 2F 1-1: Ball 2-1: Foul Ball, location: 2F 2-2: Strikes out swinging
|
|
Batting: RHB Reginald McDougall
|
0-0: Called Strike Balk! Alex Campos scores Tim Persson to second 0-1: Ground out 5-3 (Groundball, 56S, EV 81.9 MPH)
|
|
Batting: LHB Fernando Gomez
|
0-0: Fly out, F7 (Line Drive, 78M, EV 88.1 MPH)
|
| Top of the 2nd over - 2 runs, 2 hits, 0 errors, 1 left on base; Quad Cities 2 - West Michigan 0 |
| BOTTOM OF THE 2ND |
|
West Michigan Whitecaps batting - Pitching for Quad Cities River Bandits : RHP Omar Pineda
|
|
Batting: RHB Jon Goldstein
|
0-0: Ground out 6-3 (Groundball, 56, EV 101.2 MPH)
|
|
Batting: RHB Joe Zimmerman
|
0-0: Ball 1-0: Ground out 4-3 (Groundball, 4M, EV 85.0 MPH)
|
|
Batting: LHB Steve Herrera
|
0-0: Ball 1-0: Ball 2-0: Ball 3-0: Base on Balls
|
|
Batting: RHB Yaremka Rzhevsky
|
0-0: Ground out 4-3 (Groundball, 4S, EV 87.5 MPH)
|
| Bottom of the 2nd over - 0 runs, 0 hits, 0 errors, 1 left on base; Quad Cities 2 - West Michigan 0 |
| TOP OF THE 3RD |
|
Quad Cities River Bandits batting - Pitching for West Michigan Whitecaps : RHP Rich Nunez
|
|
Batting: RHB Sean Mounts
|
0-0: Swinging Strike 0-1: Fly out, F9 (Flyball, 9LSF, EV 96.2 MPH)
|
|
Batting: LHB Glenn Lowther
|
0-0: Ball 1-0: Ball 2-0: Foul Ball, location: 2F 2-1: TRIPLE (Groundball, 3L, EV 98.1 MPH)
|
|
Batting: LHB Aldo Kok
|
0-0: SINGLE (Groundball, 4D, EV 98.8 MPH) Glenn Lowther scores
|
|
Batting: LHB Wade Girard
|
0-0: Ball 1-0: Called Strike 1-1: Called Strike 1-2: Fielders Choice at 2nd, 1-6 (Groundball, 13S, EV 66.9 MPH)
|
|
Batting: RHB Alex Campos
|
0-0: Foul Ball, location: 2F 0-1: Ball 1-1: Ball 2-1: Foul Ball, location: 2F 2-2: SINGLE (Groundball, 6MD, EV 95.6 MPH) Wade Girard to second Runner from 2nd tries for 3rd, SAFE, throw by CF made to third Alex Campos to second
|
|
Batting: RHB Tim Persson
|
0-0: Called Strike 0-1: Ground out 6-3 (Groundball, 6, EV 99.4 MPH)
|
| Top of the 3rd over - 1 run, 3 hits, 0 errors, 2 left on base; Quad Cities 3 - West Michigan 0 |
| BOTTOM OF THE 3RD |
|
West Michigan Whitecaps batting - Pitching for Quad Cities River Bandits : RHP Omar Pineda
|
|
Batting: RHB Tony Murray
|
0-0: Ball 1-0: Fly out, F7 (Flyball, 78D, EV 91.2 MPH)
|
|
Batting: SHB Willie Medina
|
0-0: Ball 1-0: Swinging Strike 1-1: Ball 2-1: Called Strike 2-2: Strikes out swinging
|
|
Batting: RHB Scott Carr
|
0-0: Ball 1-0: Ball 2-0: Called Strike 2-1: Swinging Strike 2-2: Foul Ball, location: 2F 2-2: Strikes out looking
|
| Bottom of the 3rd over - 0 runs, 0 hits, 0 errors, 0 left on base; Quad Cities 3 - West Michigan 0 |
| TOP OF THE 4TH |
|
Quad Cities River Bandits batting - Pitching for West Michigan Whitecaps : RHP Rich Nunez
|
|
Batting: RHB Joel Vazquez
|
0-0: Fly out, F7 (Flyball, 7, EV 89.4 MPH)
|
|
Batting: RHB Reginald McDougall
|
0-0: Ball 1-0: Ball 2-0: Fly out, F8 (Flyball, 8LD, EV 76.9 MPH)
|
|
Batting: LHB Fernando Gomez
|
0-0: Fly out, F3 (Line Drive, 3L, EV 70.6 MPH)
|
| Top of the 4th over - 0 runs, 0 hits, 0 errors, 0 left on base; Quad Cities 3 - West Michigan 0 |
| BOTTOM OF THE 4TH |
|
West Michigan Whitecaps batting - Pitching for Quad Cities River Bandits : RHP Omar Pineda
|
|
Batting: LHB Dave Carlisle
|
0-0: Called Strike 0-1: Ball 1-1: Ball 2-1: Ball 3-1: Called Strike 3-2: Base on Balls
|
|
Batting: RHB German Quiroga
|
0-0: Ball Wild Pitch! Dave Carlisle to second 1-0: Foul Ball, location: 2F 1-1: Swinging Strike 1-2: Strikes out swinging
|
|
Batting: RHB Jon Goldstein
|
0-0: Foul Ball, location: 2F 0-1: Swinging Strike 0-2: Ball 1-2: Fly out, F8 (Flyball, 8RM, EV 86.2 MPH)
|
|
Batting: RHB Joe Zimmerman
|
0-0: Ball 1-0: Fly out, F9 (Flyball, 89D, EV 101.9 MPH)
|
| Bottom of the 4th over - 0 runs, 0 hits, 0 errors, 1 left on base; Quad Cities 3 - West Michigan 0 |
| TOP OF THE 5TH |
|
Quad Cities River Bandits batting - Pitching for West Michigan Whitecaps : RHP Rich Nunez
|
|
Batting: RHB Sean Mounts
|
0-0: Foul Ball, location: 2F 0-1: Called Strike 0-2: Ball 1-2: Strikes out swinging
|
|
Batting: LHB Glenn Lowther
|
0-0: Ball 1-0: Called Strike 1-1: Ball 2-1: DOUBLE (Line Drive, 9LM, EV 101.9 MPH)
|
|
Batting: LHB Aldo Kok
|
0-0: Ball Glenn Lowther steals 3rd base 1-0: Ball 2-0: Foul Ball, location: 2F 2-1: Ball 3-1: Ground out 3-1 (Groundball, 34S, EV 81.9 MPH) Glenn Lowther scores
|
|
Batting: LHB Wade Girard
|
0-0: Ball 1-0: TRIPLE (Flyball, 78XD, EV 89.4 MPH)
|
|
Batting: RHB Alex Campos
|
0-0: Foul Ball, location: 2F 0-1: Ball 1-1: Ball Wild Pitch! Wade Girard scores 2-1: Swinging Strike 2-2: Fly out, F8 (Flyball, 8RXD, EV 83.8 MPH)
|
| Top of the 5th over - 2 runs, 2 hits, 0 errors, 0 left on base; Quad Cities 5 - West Michigan 0 |
| BOTTOM OF THE 5TH |
|
West Michigan Whitecaps batting - Pitching for Quad Cities River Bandits : RHP Omar Pineda
|
|
Batting: LHB Steve Herrera
|
0-0: Ball 1-0: Foul Ball, location: 2F 1-1: Swinging Strike 1-2: Ball 2-2: Strikes out swinging
|
|
Batting: RHB Yaremka Rzhevsky
|
0-0: Called Strike 0-1: SINGLE (Groundball, 15S, EV 73.1 MPH) (infield hit)
|
|
Batting: RHB Tony Murray
|
0-0: Ball 1-0: SINGLE (Groundball, 4S, EV 75.6 MPH) (infield hit) Yaremka Rzhevsky to second
|
|
Batting: SHB Willie Medina
|
0-0: Fly out, F2 (Popup, 25F, EV 88.1 MPH)
|
|
Batting: RHB Scott Carr
|
0-0: Ball 1-0: Called Strike 1-1: Foul Ball, location: 2F 1-2: Foul Ball, location: 2F 1-2: SINGLE (Line Drive, 78S, EV 98.8 MPH) Yaremka Rzhevsky to third Tony Murray to second Runner from 3rd tries for Home, SAFE, throw by LF to home
|
|
Batting: LHB Dave Carlisle
|
0-0: Called Strike 0-1: Ground out 4-3 (Groundball, 4, EV 103.1 MPH)
|
| Bottom of the 5th over - 1 run, 3 hits, 0 errors, 2 left on base; Quad Cities 5 - West Michigan 1 |
| TOP OF THE 6TH |
|
Quad Cities River Bandits batting - Pitching for West Michigan Whitecaps : RHP Rich Nunez
|
|
Pitching: RHP Matt Sturge
|
|
|
Batting: RHB Tim Persson
|
0-0: Ball 1-0: Called Strike 1-1: SINGLE (Groundball, 56D, EV 101.2 MPH)
|
|
Batting: RHB Joel Vazquez
|
0-0: Ball 1-0: Grounds into double play, 5-4-3 (Groundball, 56, EV 101.2 MPH)
|
|
Batting: RHB Reginald McDougall
|
0-0: Ground out 4-3 (Groundball, 4S, EV 79.4 MPH)
|
| Top of the 6th over - 0 runs, 1 hit, 0 errors, 0 left on base; Quad Cities 5 - West Michigan 1 |
| BOTTOM OF THE 6TH |
|
West Michigan Whitecaps batting - Pitching for Quad Cities River Bandits : RHP Omar Pineda
|
|
Batting: RHB German Quiroga
|
0-0: Ball 1-0: Fly out, F9 (Flyball, 9D, EV 105.6 MPH)
|
|
Batting: RHB Jon Goldstein
|
0-0: Called Strike 0-1: Foul Ball, location: 2F 0-2: SINGLE (Line Drive, 3D, EV 93.8 MPH)
|
|
Batting: RHB Joe Zimmerman
|
0-0: Ball 1-0: Ball 2-0: Fly out, F8 (Flyball, 8LD, EV 76.9 MPH)
|
|
Batting: LHB Steve Herrera
|
0-0: Swinging Strike 0-1: Ball Jon Goldstein steals 2nd base 1-1: Foul Ball, location: 2F 1-2: Ball 2-2: Ball 3-2: Base on Balls
|
|
Batting: RHB Yaremka Rzhevsky
|
0-0: SINGLE (Groundball, 56D, EV 106.9 MPH) Jon Goldstein to third Steve Herrera to second Runner from 3rd tries for Home, SAFE, throw by LF to home
|
|
Batting: RHB Tony Murray
|
0-0: Ball 1-0: Foul Ball, location: 2F 1-1: Ground out 5-3 (Groundball, 56S, EV 70.0 MPH)
|
| Bottom of the 6th over - 1 run, 2 hits, 0 errors, 2 left on base; Quad Cities 5 - West Michigan 2 |
| TOP OF THE 7TH |
|
Quad Cities River Bandits batting - Pitching for West Michigan Whitecaps : RHP Matt Sturge
|
|
Batting: LHB Fernando Gomez
|
0-0: Ball 1-0: SINGLE (Groundball, 13S, EV 63.1 MPH) (infield hit)
|
|
Batting: RHB Sean Mounts
|
0-0: Sac Bunt to 13S - play at first, batter OUT! 1-3 Fernando Gomez to second
|
|
Batting: LHB Glenn Lowther
|
0-0: Foul Ball, location: 2F 0-1: Fly out, F9 (Flyball, 89M, EV 88.8 MPH)
|
|
Batting: LHB Aldo Kok
|
0-0: Ball 1-0: Foul Ball, location: 2F 1-1: Called Strike 1-2: Strikes out swinging
|
| Top of the 7th over - 0 runs, 1 hit, 0 errors, 1 left on base; Quad Cities 5 - West Michigan 2 |
| BOTTOM OF THE 7TH |
|
West Michigan Whitecaps batting - Pitching for Quad Cities River Bandits : RHP Omar Pineda
|
|
Batting: SHB Willie Medina
|
0-0: Foul Ball, location: 2F 0-1: Ball 1-1: Swinging Strike 1-2: SINGLE (Line Drive, 34D, EV 96.9 MPH)
|
|
Batting: RHB Scott Carr
|
0-0: Bunted foul 0-1: Sac Bunt to 5S - play at first, batter OUT! 5-3 Willie Medina to second
|
|
Batting: LHB Dave Carlisle
|
0-0: Called Strike Willie Medina steals 3rd base 0-1: Ball 1-1: Called Strike 1-2: Ball 2-2: Strikes out swinging
|
|
Batting: RHB German Quiroga
|
0-0: Ball 1-0: Swinging Strike 1-1: Swinging Strike 1-2: Ball 2-2: Ball 3-2: Base on Balls
|
|
Pitching: RHP Carlos Zavala
|
|
|
Batting: RHB Jon Goldstein
|
0-0: Ball 1-0: Ball 2-0: Ball 3-0: Called Strike 3-1: Base on Balls German Quiroga to second
|
|
Batting: RHB Joe Zimmerman
|
0-0: Called Strike 0-1: Ball 1-1: Ball 2-1: Swinging Strike 2-2: Ball 3-2: Foul Ball, location: 2F 3-2: Strikes out looking
|
| Bottom of the 7th over - 0 runs, 1 hit, 0 errors, 3 left on base; Quad Cities 5 - West Michigan 2 |
| TOP OF THE 8TH |
|
Quad Cities River Bandits batting - Pitching for West Michigan Whitecaps : RHP Matt Sturge
|
|
Batting: LHB Wade Girard
|
0-0: Called Strike 0-1: Ball 1-1: Foul Ball, location: 2F 1-2: Ground out 3-1 (Groundball, 34, EV 76.2 MPH)
|
|
Batting: RHB Alex Campos
|
0-0: Ball 1-0: DOUBLE (Groundball, 5L, EV 104.4 MPH)
|
|
Batting: RHB Tim Persson
|
0-0: Ground out 1-3 (Groundball, 15S, EV 61.2 MPH)
|
|
Batting: RHB Joel Vazquez
|
0-0: Called Strike 0-1: Swinging Strike 0-2: Ball 1-2: Ball 2-2: Foul Ball, location: 2F 2-2: Strikes out swinging
|
| Top of the 8th over - 0 runs, 1 hit, 0 errors, 1 left on base; Quad Cities 5 - West Michigan 2 |
| BOTTOM OF THE 8TH |
|
West Michigan Whitecaps batting - Pitching for Quad Cities River Bandits : RHP Carlos Zavala
|
|
Batting: LHB Steve Herrera
|
0-0: Ball 1-0: Ball 2-0: Foul Ball, location: 2F 2-1: Ball 3-1: Base on Balls
|
|
Batting: RHB Yaremka Rzhevsky
|
0-0: Ball 1-0: Ball Wild Pitch! Steve Herrera to second 2-0: Called Strike 2-1: Ball 3-1: Foul Ball, location: 2F 3-2: Base on Balls
|
|
Pinch Hitting: LHB George Moran
|
0-0: Fielders Choice at 2nd, 6-4 (Groundball, 6MD, EV 95.6 MPH) Steve Herrera to third
|
|
Batting: SHB Willie Medina
|
0-0: Ball 1-0: Foul Ball, location: 2F 1-1: Ball 2-1: Called Strike 2-2: Fielders Choice at 2nd, 6-4 (Groundball, 56D, EV 98.8 MPH) Steve Herrera scores
|
|
Batting: RHB Scott Carr
|
0-0: Called Strike 0-1: Ball 1-1: DOUBLE (Line Drive, 78D, EV 109.4 MPH) Willie Medina to third
|
|
Batting: LHB Dave Carlisle
|
0-0: Ball 1-0: Ball 2-0: Ball 3-0: Base on Balls
|
|
Batting: RHB German Quiroga
|
0-0: Foul Ball, location: 2F 0-1: Hit by Pitch Willie Medina scores Scott Carr to third Dave Carlisle to second
|
|
Batting: RHB Jon Goldstein
|
0-0: Called Strike 0-1: Called Strike 0-2: Ball 1-2: Ball 2-2: Foul Ball, location: 2F 2-2: Strikes out swinging
|
| Bottom of the 8th over - 2 runs, 1 hit, 0 errors, 3 left on base; Quad Cities 5 - West Michigan 4 |
| TOP OF THE 9TH |
|
Quad Cities River Bandits batting - Pitching for West Michigan Whitecaps : RHP Matt Sturge
|
|
Now at 1B: Jamie Christian
|
|
|
Batting: RHB Reginald McDougall
|
0-0: Called Strike 0-1: Ground out 4-3 (Groundball, 4S, EV 68.8 MPH)
|
|
Batting: LHB Fernando Gomez
|
0-0: Called Strike 0-1: Fly out, F5 (Popup, 56S, EV 72.5 MPH)
|
|
Batting: RHB Sean Mounts
|
0-0: Ball 1-0: Called Strike 1-1: Ground out 6-3 (Groundball, 6, EV 108.8 MPH)
|
| Top of the 9th over - 0 runs, 0 hits, 0 errors, 0 left on base; Quad Cities 5 - West Michigan 4 |
| BOTTOM OF THE 9TH |
|
West Michigan Whitecaps batting - Pitching for Quad Cities River Bandits : RHP Carlos Zavala
|
|
Now in LF: Glenn Lowther
|
|
|
Now in RF: Kelvin Jones
|
|
|
Batting: RHB Joe Zimmerman
|
0-0: Called Strike 0-1: Ball 1-1: Ball 2-1: Foul Ball, location: 2F 2-2: Foul Ball, location: 2F 2-2: Ball 3-2: Fly out, F9 (Flyball, 9LMF, EV 92.5 MPH)
|
|
Batting: LHB Steve Herrera
|
0-0: Ball 1-0: Swinging Strike 1-1: Ball 2-1: Called Strike 2-2: Foul Ball, location: 2F 2-2: Foul Ball, location: 2F 2-2: Ball 3-2: Foul Ball, location: 2F 3-2: Foul Ball, location: 2F 3-2: Base on Balls
|
|
Pitching: RHP Gabe Torres
|
|
|
Pinch Hitting: LHB Nick Swank
|
0-0: Ball 1-0: Swinging Strike 1-1: Swinging Strike 1-2: Foul Ball, location: 2F 1-2: Foul Ball, location: 2F 1-2: Strikes out swinging
|
|
Batting: LHB Jamie Christian
|
0-0: Swinging Strike 0-1: Foul Ball, location: 2F 0-2: Ball 1-2: Foul Ball, location: 2F 1-2: Ball 2-2: Foul Ball, location: 2F 2-2: Foul Ball, location: 2F 2-2: Ball 3-2: SINGLE (Groundball, 6S, EV 68.1 MPH) (infield hit) Steve Herrera to second
|
|
Batting: SHB Willie Medina
|
0-0: Called Strike 0-1: Ball 1-1: Ball 2-1: Ball 3-1: Foul Ball, location: 2F 3-2: Strikes out swinging
|
| Bottom of the 9th over - 0 runs, 1 hit, 0 errors, 2 left on base; Quad Cities 5 - West Michigan 4 |
|